 Dungeon Crawl Stone Soup version 0.27.1-1-g398f81649c (webtiles) character file.

Game seed: 8852927416328841388

1180 MisterFreud the Shield-Bearer (level 6, 0/55 HPs)
             Began as a Gnoll Fighter on Sept 15, 2021.
             Was an Elder of Ru.
             Killed from afar by a white imp (6 damage)
             ... with a puff of frost
             ... on level 6 of the Dungeon.
             The game lasted 00:12:39 (6008 turns).

MisterFreud the Shield-Bearer (Gnoll Fighter)       Turns: 6008, Time: 00:12:40

Health: 0/55       AC:  8    Str: 16    XL:     6   Next: 42%
Magic:  10/10      EV:  8    Int:  9    God:    Ru [****..]
Gold:   259        SH: 10    Dex: 12    Spells: 11/11 levels left

rFire    . . .     SeeInvis .   g - +2 dagger (vamp)
rCold    . . .     Faith    .   c - +0 kite shield
rNeg     . . .     Spirit   .   k - +0 scale mail
rPois    .         Reflect  .   e - +0 helmet
rElec    .         Harm     .   o - +0 cloak
rCorr    .         Rampage  .   (no gloves)
Will     .....                  (no boots)
Stlth    +.........             (no amulet)
HPRegen  0.18/turn              (no ring)
MPRegen  0.12/turn              (no ring)

@: no status effects
A: fangs 1, hated by all, inability to train armour, inexperienced 1, strong
nose, distributed training
a: Renounce Religion, Draw Out Power, Power Leap


You were on level 6 of the Dungeon.
You worshipped Ru.
Ru was greatly pleased with you.
You visited 2 branches of the dungeon, and saw 7 of its levels.

You collected 259 gold pieces.

Inventory:

Hand Weapons
 a - a +0 rapier
 b - a +1 dagger of venom
 g - a +2 vampiric dagger (weapon)
 y - the +8 hand crossbow of the Gnat {speed, +Blink rN++ Dex+2}
   (You found it on level 5 of the Dungeon)

   Attacks with this weapon are significantly faster.
   Dex:       It affects your dexterity (+2).
   rN:        It greatly protects you from negative energy.
   +Blink:    It lets you blink.
 F - a +3 short sword of freezing
Missiles
 m - 11 boomerangs (quivered)
 q - 37 poisoned darts
 z - 62 bolts
Armour
 c - a +0 kite shield (worn)
 e - a +0 helmet (worn)
 k - a +0 scale mail (worn)
 o - a +0 cloak (worn)
Wands
 f - a wand of mindburst (6)
Scrolls
 h - 3 scrolls of teleportation {unknown}
 i - 2 scrolls of noise {unknown}
 j - 4 scrolls of identify {unknown}
 n - 2 scrolls of enchant weapon {unknown}
 p - a scroll of holy word {unknown}
 r - a scroll of blinking {unknown}
 s - a scroll of enchant armour {unknown}
 v - a scroll of brand weapon {unknown}
 x - 2 scrolls of fog {unknown}
 E - a scroll of fear {unknown}
 G - a scroll of vulnerability {unknown}
Potions
 d - a potion of might
 l - a potion of flight {unknown}
 t - a potion of lignification {unknown}
 u - a potion of resistance {unknown}
 w - 2 potions of degeneration {unknown}
 A - a potion of attraction {unknown}
 B - 4 potions of curing {unknown}
 C - a potion of heal wounds {unknown}
 D - a potion of ambrosia
 H - 2 potions of invisibility {unknown}
 I - a potion of haste {unknown}


   Skills:
 + Level 7.3 Fighting
 + Level 5.6 Short Blades
 + Level 3.2 Long Blades
 + Level 3.2 Axes
 + Level 3.2 Maces & Flails
 + Level 3.2 Polearms
 + Level 3.2 Staves
 + Level 3.2 Slings
 + Level 3.2 Bows
 + Level 3.2 Crossbows
 + Level 3.2 Throwing
   Level 0.0 Armour
 + Level 3.2 Dodging
 + Level 3.2 Stealth
 + Level 7.3 Shields
 + Level 3.2 Unarmed Combat
 + Level 3.2 Spellcasting
 + Level 2.6 Conjurations
 + Level 2.6 Hexes
   Level 2.4 Summonings
 + Level 2.6 Necromancy
 + Level 2.6 Translocations
 + Level 2.6 Transmutations
 + Level 2.6 Fire Magic
 + Level 2.6 Ice Magic
 + Level 2.6 Air Magic
 + Level 2.6 Earth Magic
 + Level 2.6 Poison Magic
 + Level 3.5 Invocations
 + Level 3.2 Evocations


You had 11 spell levels left.
You didn't know any spells.
Your spell library contained the following spells:

 Spells                   Type           Power      Damage    Failure   Level
 Gell's Gravitas          Tloc           3%         N/A       97%         3
 Lesser Beckoning         Tloc           3%         N/A       97%         3
 Teleport Other           Tloc           6%         N/A       97%         3


Dungeon Overview and Level Annotations

Branches:
Dungeon (6/15)             Temple (1/1) D:4

Altars:
Dithmenos
Fedhas
Ru
Trog
Wu Jian


Innate Abilities, Weirdness & Mutations

You have very sharp teeth.
You are hated by all.
You cannot train Armour skill.
You are somewhat inexperienced. (-2 XL)
Your uncanny sense of smell can sniff out nearby items.
Your experience applies equally to all skills.


Message History

The wight is severely damaged.
The wight is stunned by your conviction and fails to attack.
You hit the wight.
The wight is almost destroyed.
The wight barely misses you.
You hit the wight. You bite the wight, but do no damage.
The wight is almost destroyed.
The wight hits you with a +3 hand axe of freezing.
* * * LOW HITPOINT WARNING * * *
The wight freezes you.
* * * LOW HITPOINT WARNING * * *
You closely miss the wight.
The wight is almost destroyed.
You block the wight's attack.
Unknown command.
Unknown command.
You hit the wight but do no damage.
The wight is almost destroyed.
You block the wight's attack.
You barely miss the wight.
The wight is almost destroyed.
The wight completely misses you.
You hit the wight.
You destroy the wight!
Your life force feels restored.
Your +3 short sword of freezing stops glowing.
You feel a sense of dread.
g - a +2 vampiric dagger (weapon)
You redirect the white imp's attack!
You hit the white imp.
The white imp is moderately wounded.
You hit the white imp but do no damage.
The white imp is moderately wounded.
The white imp hits you but does no damage.
You hit the white imp.
You bite the white imp, but do no damage.
The white imp is severely wounded.
The white imp gestures at you. The puff of frost hits you.
You die...

...........................####..
.....####.######.#.#.#...........
...#.............................
...#.............................
...#.............................
...#.###...##......)........
...#.###...###...#.#'#...##
.................5.#)#...##
.....##.........@.........#####
......#.#........#####........#+#
......#)#........#...#...........
.....†...........#...#..$........
..#.#########....#...#.##........
.... ..........##'##.##.....#..
..# #####...........##........ KK
#......#.............. K
#......##..............


You could see a white imp.

Vanquished Creatures
  A phantom (D:5)
  A centaur (D:5)
  A kobold brigand (D:6)
  3 scorpions
  A water moccasin zombie (D:5)
  3 wights (D:6)
  A bullfrog zombie (D:5)
  2 iguanas
  Jessica (D:2)
  A scorpion zombie (D:3)
  Ijyb (D:2)
  Natasha (thrice) (D:4)
  2 orc wizards
  A killer bee zombie (D:5)
  2 hound skeletons (D:4)
  Robin (D:2)
  9 adders
  A shadow imp (D:6)
  A white imp (D:6)
  An ufetubus (D:5)
  3 dart slugs
  14 orcs
  6 ball pythons
  7 bats
  7 endoplasms
  4 giant cockroaches
  22 goblins
  15 hobgoblins
  2 jackals (D:1)
  18 kobolds
  3 quokkas
  6 frilled lizards
  6 rats
  2 toadstools (D:1)
152 creatures vanquished.

Vanquished Creatures (others)
  A hound (Temple)
  2 toadstools (D:1)
3 creatures vanquished.

Grand Total: 155 creatures vanquished

Notes
Turn   | Place    | Note
-------+----------+-------------------------------------------
     0 | D:1      | MisterFreud the Gnoll Fighter began the quest for the Orb.
     0 | D:1      | Reached XP level 1. HP: 23/23 MP: 1/1
    97 | D:1      | Reached XP level 2. HP: 29/29 MP: 2/2
   305 | D:1      | Reached XP level 3. HP: 34/35 MP: 3/3
   682 | D:1      | Found a faded altar of an unknown god.
   686 | D:1      | Became a worshipper of Ru the Awakened
   698 | D:1      | Gained mutation: You are hated by all. [Ru sacrifice]
   698 | D:1      | Reached * piety under Ru
   698 | D:1      | Reached ** piety under Ru
   766 | D:2      | Reached skill level 1 in Invocations
   779 | D:2      | Noticed Jessica
   788 | D:2      | Killed Jessica
   789 | D:2      | Reached skill level 1 in Long Blades
   789 | D:2      | Reached skill level 1 in Axes
   789 | D:2      | Reached skill level 1 in Maces & Flails
   789 | D:2      | Reached skill level 1 in Polearms
   789 | D:2      | Reached skill level 1 in Staves
   789 | D:2      | Reached skill level 1 in Slings
   789 | D:2      | Reached skill level 1 in Bows
   789 | D:2      | Reached skill level 1 in Crossbows
   789 | D:2      | Reached skill level 1 in Throwing
   789 | D:2      | Reached skill level 1 in Dodging
   789 | D:2      | Reached skill level 1 in Stealth
   789 | D:2      | Reached skill level 1 in Unarmed Combat
   789 | D:2      | Reached skill level 1 in Spellcasting
   789 | D:2      | Reached skill level 1 in Evocations
   789 | D:2      | Reached XP level 4. HP: 27/41 MP: 5/5
   917 | D:2      | Found an ornate altar of the Wu Jian Council.
  1032 | D:2      | Noticed Robin
  1033 | D:2      | Noticed Ijyb
  1040 | D:2      | Reached skill level 1 in Conjurations
  1040 | D:2      | Reached skill level 1 in Hexes
  1040 | D:2      | Reached skill level 1 in Necromancy
  1040 | D:2      | Reached skill level 1 in Translocations
  1040 | D:2      | Reached skill level 1 in Transmutations
  1040 | D:2      | Reached skill level 1 in Fire Magic
  1040 | D:2      | Reached skill level 1 in Ice Magic
  1040 | D:2      | Reached skill level 1 in Air Magic
  1040 | D:2      | Reached skill level 1 in Earth Magic
  1040 | D:2      | Reached skill level 1 in Poison Magic
  1077 | D:2      | Killed Ijyb
  1078 | D:2      | Reached XP level 5. HP: 17/47 MP: 6/6
  1326 | D:2      | Killed Robin
  2149 | D:3      | Reached skill level 1 in Summonings
  2264 | D:3      | Found a bloodstained altar of Trog.
  2504 | D:3      | Reached XP level 6. HP: 41/53 MP: 8/8
  2955 | D:4      | Gained mutation: You cannot train Armour skill. [Ru
                  | sacrifice]
  2955 | D:4      | Reached *** piety under Ru
  2994 | D:4      | Noticed Natasha
  3003 | D:4      | Killed Natasha
  3091 | D:4      | Reached skill level 5 in Short Blades
  3107 | D:4      | Noticed Natasha
  3115 | D:4      | Found a staircase to the Ecumenical Temple.
  3120 | Temple   | Entered the Ecumenical Temple
  3269 | D:4      | Killed Natasha
  3532 | D:4      | Noticed Natasha
  3551 | D:4      | Killed Natasha
  3552 | D:4      | Reached XP level 7. HP: 54/59 MP: 10/10
  3820 | D:5      | Entered Level 5 of the Dungeon
  3848 | D:5      | Identified the +8 hand crossbow of the Gnat {speed, +Blink
                  | rN++ Dex+2}
  4039 | D:1      | You fall into a shaft and drop 1 floor!
  4896 | D:5      | Found a shadowy altar of Dithmenos.
  5101 | D:5      | Reached XP level 8. HP: 63/67 MP: 12/12
  5688 | D:6      | Found a sacrificial altar of Ru.
  5927 | D:6      | Gained mutation: You are somewhat inexperienced. (-2 XL)
                  | [Ru sacrifice]
  5927 | D:6      | Reached XP level 7. HP: 51/60 MP: 11/11
  5927 | D:6      | Reached XP level 6. HP: 51/55 MP: 10/10
  5927 | D:6      | Reached **** piety under Ru
  6008 | D:6      | Killed from afar by a white imp

Illustrated notes

Levels and vault maps discovered:
D:1:      ldierk_water_garden, layout_rooms,
          hellmonk_ecumenical_altar_leap_of_faith, patterned_corridor
D:2:      kennysheep_the_goblin_king, layout_rooms, basic_altar, uniq_robin,
          uniq_jessica
D:3:      layout_loops_cross, bloody_trog
D:4:      layout_gridville, mainiacjoe_overflow_concentric_impassable,
          minmay_temple_entry_drinking_statues, hangedman_decor_diamond_cutter,
          uniq_natasha
D:5:      layout_loops_ring, grunt_dithmenos_shadows
D:6:      layout_basic, nicolae_ru_great_annihilating_truth, enter_ossuary_2
Temple:   nicolae_temple_figure_eight

Skill      XL: |  1  2  3  4  5  6  7  8 |
---------------+-------------------------+-----
Invocations    | 1 2 3 |  3.5
Long Blades    | 1 2 3 |  3.2
Axes           | 1 2 3 |  3.2
Maces & Flails | 1 2 3 |  3.2
Polearms       | 1 2 3 |  3.2
Staves         | 1 2 3 |  3.2
Slings         | 1 2 3 |  3.2
Bows           | 1 2 3 |  3.2
Crossbows      | 1 2 3 |  3.2
Throwing       | 1 2 3 |  3.2
Dodging        | 1 2 3 |  3.2
Stealth        | 1 2 3 |  3.2
Unarmed Combat | 1 2 3 |  3.2
Spellcasting   | 1 2 3 |  3.2
Evocations     | 1 2 3 |  3.2
Conjurations   | 1 2 |  2.6
Hexes          | 1 2 |  2.6
Necromancy     | 1 2 |  2.6
Translocations | 1 2 |  2.6
Transmutations | 1 2 |  2.6
Fire Magic     | 1 2 |  2.6
Ice Magic      | 1 2 |  2.6
Air Magic      | 1 2 |  2.6
Earth Magic    | 1 2 |  2.6
Poison Magic   | 1 2 |  2.6
Summonings     | 1 2 |  2.4
Armour         | 0 |  0.0
Short Blades   | 5 |  5.6
Fighting       | 7 |  7.3
Shields        | 7 |  7.3

Action                   |  1- 3 |  4- 6 |  7- 9 || total
-------------------------+-------+-------+-------++-------
Melee: Rapier            |    29 |    26 |    34 ||    89
       Bite              |     6 |    49 |    31 ||    86
       Dagger            |    79 |   276 |    66 ||   421
       Unarmed           |       |    33 |    14 ||    47
       Short sword       |       |    30 |    71 ||   101
Invok: Sacrifice Love    |     1 |       |       ||     1
       Sacrifice Durabil |       |     1 |       ||     1
       Sacrifice Experie |       |     1 |       ||     1
  Use: Potion            |       |     1 |       ||     1
 Stab: Distracted        |       |     1 |       ||     1
       Paralysed         |       |       |     1 ||     1
Armor: Scale mail        |    42 |   114 |    59 ||   215
       Skin              |       |     1 |       ||     1
Dodge: Dodged            |    21 |   103 |    28 ||   152
Block: Kite shield       |    52 |   146 |    70 ||   268
